 Dungeon Crawl Stone Soup version 0.28.0-47-ge53b351184 (webtiles) character file.

Game seed: 5622015097963876892

616 hawla the Stinger (level 7, 0/49 HPs)
             Began as a Purple Draconian Venom Mage on Apr 26, 2022.
             Succumbed to a water moccasin's poison
             ... on level 5 of the Dungeon.
             The game lasted 00:17:10 (6717 turns).

hawla the Stinger (Purple Draconian Venom Mage)     Turns: 6717, Time: 00:17:11

Health: 0/49       AC:  9    Str:  9 (10) XL:     7   Next: 21%
Magic:  12/12      EV: 12    Int: 14 (17) God:
Gold:   305        SH:  0    Dex: 11 (12) Spells: 6/13 levels left

rFire   . . .      SeeInvis .   f - +0 quarterstaff (protect)
rCold   . . .      Faith    .   (shield currently unavailable)
rNeg    . . .      Spirit   .   (armour unavailable)
rPois   .          Reflect  .   (helmet restricted)
rElec   .          Harm     .   j - +1 cloak
rCorr   .          Rampage  .   (no gloves)
Will    +....                   r - +0 pair of boots
Stlth   ++........              (no amulet)
HPRegen 0.16/turn               k - ring of wizardry
MPRegen 0.13/turn               (no ring)

@: lethally poisoned (0 -> -6)
A: breathe power, AC +6, unfitting armour, cold-blooded, antennae 1, talons 2,
frail 1
a: Breathe Dispelling Energy


You were on level 5 of the Dungeon.
You visited 1 branch of the dungeon, and saw 5 of its levels.

You collected 305 gold pieces.

Inventory:

Hand Weapons
 f - a +0 quarterstaff of protection (weapon)
 i - a +3 quarterstaff of venom
Missiles
 a - 2 boomerangs
 o - 5 poisoned darts
 q - 5 silver javelins
Armour
 j - a +1 cloak (worn)
 r - a +0 pair of boots (worn)
Magical Staves
 b - a staff of conjuration
 h - a staff of air
Jewellery
 k - a ring of wizardry (left hand)
 t - a +6 ring of intelligence
Wands
 l - a wand of flame (26)
Scrolls
 e - a scroll of teleportation
 m - a scroll of noise
 n - a scroll of blinking {unknown}
 p - a scroll of amnesia
 s - a scroll of fear {unknown}
Potions
 g - a potion of degeneration


   Skills:
 + Level 2.0 Fighting
 + Level 2.9 Staves
 + Level 2.5 Dodging
 + Level 2.4 Stealth
 + Level 3.8 Spellcasting
 + Level 1.0 Transmutations
 + Level 0.4 Air Magic
 + Level 6.2 Poison Magic


You had 6 spell levels left.
You knew the following spells:

 Your Spells              Type           Power      Damage    Failure   Level
a - Sting                 Tmut/Pois      48%        1d5       1%          1
b - Poisonous Vapours     Pois/Air       22%        N/A       3%          2
c - Olgreb's Toxic Radia  Pois           20%        N/A       6%          4

Your spell library contained the following spells:

 Spells                   Type           Power      Damage    Failure   Level
 Beastly Appendage        Tmut           10%        N/A       5%          1
 Spider Form              Tmut/Pois      12%        N/A       5%          3
 Foxfire                  Conj/Fire      8%         2x1d4     9%          1
 Wereblood                Tmut           5%         N/A       9%          2
 Mephitic Cloud           Conj/Pois/Air  8%         N/A       10%         3
 Conjure Flame            Conj/Fire      2%         6-21      24%         3
 Inner Flame              Hex/Fire       2%         N/A       24%         3
 Flame Wave               Conj/Fire      2%         2d4       58%         4


Dungeon Overview and Level Annotations

Branches:
Dungeon (5/15)
 Temple: D:4-7

Altars:
Elyvilon
Hepliaklqana
Kikubaaqudgha
Vehumet

Shops:
D:2 (

Portals:
Abyss: D:4

Annotations:
D:4 blink to the altar, 2 transporters, Malificent's ghost, novice VSWr


Innate Abilities, Weirdness & Mutations

You can breathe bolts of dispelling energy.
Your rich purple scales are hard. (AC +6)
You cannot fit into any form of body armour.
You are cold-blooded and may be slowed by cold attacks.
You have a pair of small antennae on your head.
You have razor-sharp toenails.
You are frail. (-10% HP)


Message History

You miss the water moccasin.
The water moccasin is severely wounded.
The water moccasin bites you!
You are poisoned.
The water moccasin poisons you! The water moccasin bites you!
You closely miss the water moccasin.
The water moccasin is severely wounded.
You feel very sick. The water moccasin closely misses you.
The water moccasin bites you.
You are lethally poisoned!
The water moccasin poisons you!
It was a potion of curing.
You feel better. The water moccasin bites you.
The water moccasin barely misses you. The water moccasin misses you.
The water moccasin misses you.
The water moccasin bites you but does no damage.
The water moccasin bites you. The water moccasin bites you.
The water moccasin bites you!
* * * LOW HITPOINT WARNING * * *
You are lethally poisoned!
The water moccasin poisons you!
* * * LOW HITPOINT WARNING * * *
You feel very sick.
Unknown command.
Okay, then.
There is a lethal amount of poison in your body!
* * * LOW HITPOINT WARNING * * *
You feel very sick.
The water moccasin bites you but does no damage.
The water moccasin barely misses you.
You closely miss the water moccasin.
The water moccasin is moderately wounded.
* * * LOW HITPOINT WARNING * * *
You feel sick.
The water moccasin bites you but does no damage.
You closely miss the water moccasin.
Your tail-slap misses the water moccasin.
The water moccasin is moderately wounded.
You die...

..##........##.......#...# #....
.....^....##.##.........## #....
.....#................#.# ##.#..
.....#........#.......### ##..##.
......##......#........####....#.
.....##.......#...............###
.#....##..##..<.........##.##.###
.#...###................#..##....
................@..........##...#
...#............S.........[.##.##
.###...................#.....#..#
...........#...........##.......#
..........##...........#####.####
...######...............###..####
....# #.........................
....####................#...#....
##....##..........#.###....##...#


You could see a water moccasin.

Vanquished Creatures
  A centaur (D:5)
  A scorpion (D:5)
  2 water moccasin skeletons
  An orc priest (D:2)
  Crazy Yiuf (D:2)
  A centaur skeleton (D:5)
  Natasha (thrice) (D:3)
  2 iguanas (D:5)
  7 adders
  2 worms (D:2)
  2 dart slugs
  2 orcs
  7 bats
  A bat skeleton (D:2)
  7 endoplasms
  5 giant cockroaches
  9 goblins
  9 hobgoblins
  A jackal (D:2)
  6 quokkas
  11 ball pythons
  3 frilled lizards
  6 kobolds
  24 rats
  A spectral goblin (D:4)
115 creatures vanquished.

Notes
Turn   | Place    | Note
-------+----------+-------------------------------------------
     0 | D:1      | hawla the Draconian Venom Mage began the quest for the Orb.
     0 | D:1      | Reached XP level 1. HP: 14/14 MP: 3/3
   201 | D:1      | Found a faded altar of an unknown god.
   274 | D:1      | Reached XP level 2. HP: 10/20 MP: 0/5
   277 | D:1      | Learned a level 2 spell: Poisonous Vapours
   695 | D:1      | Gained mutation: You occasionally shout uncontrollably at
                  | your foes. [potion of mutation]
   695 | D:1      | Gained mutation: You tend to lose your temper in combat.
                  | [potion of mutation]
   695 | D:1      | Gained mutation: You are frail. (-10% HP) [potion of
                  | mutation]
   695 | D:1      | Gained mutation: You are strong-willed. (Will+) [potion of
                  | mutation]
  1416 | D:2      | Reached XP level 3. HP: 23/23 MP: 0/6
  2117 | D:2      | Found a white marble altar of Elyvilon.
  2324 | D:2      | Reached skill level 4 in Poison Magic
  2417 | D:2      | Found Ylekocuh's Weapon Shoppe.
  2870 | D:2      | Reached XP level 4. HP: 29/29 MP: 5/8
  2879 | D:2      | Learned a level 4 spell: Olgreb's Toxic Radiance
  3516 | D:2      | Found a runed translucent door.
  3517 | D:2      | Noticed Crazy Yiuf
  3539 | D:2      | Killed Crazy Yiuf
  3808 | D:3      | Reached skill level 5 in Poison Magic
  3808 | D:3      | Reached XP level 5. HP: 34/34 MP: 5/9
  4084 | D:3      | Noticed Natasha
  4091 | D:3      | Killed Natasha
  4100 | D:3      | Noticed Natasha
  4111 | D:3      | Killed Natasha
  4373 | D:3      | Noticed Natasha
  4377 | D:3      | Killed Natasha
  5030 | D:4      | Found an ancient bone altar of Kikubaaqudgha.
  5070 | D:4      | Reached skill level 1 in Staves
  5070 | D:4      | Reached skill level 6 in Poison Magic
  5070 | D:4      | Reached XP level 6. HP: 36/41 MP: 10/10
  5638 | D:4      | Found a radiant altar of Vehumet.
  5778 | D:4      | Noticed a toenail golem
  5779 | D:4      | Found a transporter.
  5779 | D:4      | Found a transporter.
  5822 | D:4      | Found a hazy altar of Hepliaklqana.
  5840 | D:4      | Found a one-way gate to the infinite horrors of the Abyss.
  5840 | D:4      | Noticed Malificent's ghost (novice VSWr)
  5880 | D:5      | Entered Level 5 of the Dungeon
  6069 | D:5      | Reached skill level 1 in Fighting
  6080 | D:5      | Your scales start taking on a rich purple colour.
  6080 | D:5      | Reached XP level 7. HP: 10/47 MP: 2/12
  6411 | D:5      | Lost mutation: You tend to lose your temper in combat.
                  | [potion of mutation]
  6411 | D:5      | Lost mutation: You are strong-willed. (Will+) [potion of
                  | mutation]
  6411 | D:5      | Lost mutation: You occasionally shout uncontrollably at
                  | your foes. [potion of mutation]
  6411 | D:5      | Gained mutation: You have sharp toenails. [potion of
                  | mutation]
  6411 | D:5      | Gained mutation: You have a pair of small antennae on your
                  | head. [potion of mutation]
  6411 | D:5      | Gained mutation: You have razor-sharp toenails. [potion of
                  | mutation]
  6716 | D:5      | HP: 2/49 [poisoned by a water moccasin]
  6717 | D:5      | Succumbed to a water moccasin's poison

Illustrated notes

Levels and vault maps discovered:
D:1:      dpeg_arrival_castle, layout_rooms, serial_rivers,
          chequers_serial_rivers_micro_d, chequers_serial_rivers_micro_e,
          chequers_serial_rivers_room_b, chequers_serial_rivers_micro_c,
          basic_ecumenical_altar, minmay_split_cup_small
D:2:      minmay_chambers_of_twos, layout_basic, serial_undead, serial_undead_a,
          serial_undead_b, serial_undead_e, serial_undead_c, basic_altar,
          serial_shops, shop, minmay_fountain_box,
          minmay_randomly_rotated_circles, uniq_crazy_yiuf_cottage
D:3:      layout_basic, minivault_27, uniq_natasha
D:4:      layout_loops_corners, mainiacjoe_overflow_tiny_flanked,
          general_overflow_altar, nicolae_hepliaklqana_monster_ancestors,
          gammafunk_ghost_abyssal_escape, minmay_rat_hole
D:5:      layout_cave_pools, kennysheep_diamond

Skill      XL: |  1  2  3  4  5  6  7 |
---------------+----------------------+-----
Dodging        | 2 |  2.5
Poison Magic   | 4 5 6 |  6.2
Staves         | 1 2 |  2.9
Stealth        | 2 |  2.4
Fighting       | 1 2 |  2.0
Spellcasting   | 3 |  3.8
Transmutations | |  1.0
Air Magic      | |  0.4

Action                   |  1- 3 |  4- 6 |  7- 9 || total
-------------------------+-------+-------+-------++-------
Melee: Staff             |    56 |    17 |       ||    73
       Tailslap          |     6 |    14 |     2 ||    22
       Unarmed           |     1 |       |       ||     1
       Quarterstaff      |       |    70 |    29 ||    99
 Cast: Sting             |    43 |     9 |       ||    52
       Poisonous Vapours |    35 |    24 |       ||    59
       Olgreb's Toxic Ra |       |     3 |     2 ||     5
  Use: Scroll            |     2 |    11 |     1 ||    14
       Potion            |     1 |     2 |     3 ||     6
 Stab: Sleeping          |       |     5 |       ||     5
Armor: Skin              |    33 |    48 |    25 ||   106
Dodge: Dodged            |    62 |    78 |    26 ||   166
